 Dungeon Crawl Stone Soup version 0.31-a0-845-g9abc20d24f (webtiles) character file.

Game seed: 16537087311229585742

79052 Bosh the Tortoise (level 15, -5/152 HPs)
             Began as a Hill Orc Fighter on Oct 2, 2023.
             Was the Champion of Beogh.
             Slain by an Ice Fiend (9 damage)
             ... in an ice cave.
             The game lasted 01:39:42 (27274 turns).

Bosh the Tortoise (Hill Orc Fighter)               Turns: 27274, Time: 01:39:43

Health: -5/152     AC: 24    Str: 27    XL:     15   Next: 62%
Magic:  0/15       EV:  8    Int:  8    God:    Beogh [******]
Gold:   1233       SH:  6    Dex: 10    Spells: 14/14 levels left

rFire   . . .        W - +1 broad axe (vamp)
rCold   + + .        c - +0 buckler
rNeg    . . .        E - +0 plate armour
rPois   .            m - +0 helmet
rElec   .            u - scarf {rC+ rF+}
rCorr   .            R - +0 pair of gloves
SInv    .            V - +0 pair of boots
Will    +....        r - amulet of guardian spirit Stlth
                     O - ring of ice
HPRegen 0.45/turn    x - +4 ring of slaying
MPRegen 0.14/turn

%: guardian spirit
@: studying Shields
A: walk on water
a: Renounce Religion, Smiting, Recall Orcish Followers, Give Item to Named
Follower, Resurrection


You were in an ice cave.
You worshipped Beogh.
Beogh was exalted by your worship.
You visited 4 branches of the dungeon, and saw 20 of its levels.
You also visited: Ice Cave.

You collected 1723 gold pieces.
You spent 490 gold pieces at shops.

Inventory:

Hand Weapons
 W - a +1 vampiric broad axe (weapon)
Missiles
 H - 3 throwing nets
Armour
 c - a +0 buckler (worn)
 m - a +0 helmet (worn)
 u - a scarf of resistance (worn)
 E - a +0 plate armour (worn)
 L - a +2 cloak of poison resistance
 R - a +0 pair of gloves (worn)
 V - a +0 pair of boots (worn)
Jewellery
 a - a +6 ring of strength
 b - a ring of poison resistance
 r - an amulet of guardian spirit (around neck)
 x - a +4 ring of slaying (right hand)
 K - a ring of protection from fire
 M - a ring of resist corrosion
 O - a ring of ice (left hand)
 S - a +6 ring of strength
Wands
 d - a wand of light (4)
 z - a wand of iceblast (15)
 G - a wand of flame (32)
 I - a wand of charming (5)
 J - a wand of mindburst (12)
Scrolls
 i - 8 scrolls of enchant armour
 j - a scroll of teleportation
 n - 2 scrolls of amnesia
 o - 2 scrolls of fear
 q - 2 scrolls of silence
 s - 2 scrolls of poison
 t - 6 scrolls of brand weapon
 v - 2 scrolls of blinking
 y - 3 scrolls of revelation
 A - 2 scrolls of noise
 B - 2 scrolls of enchant weapon
 F - 4 scrolls of fog
 N - 2 scrolls of torment
 U - 3 scrolls of immolation {unknown}
Potions
 e - 3 potions of mutation
 f - a potion of resistance
 g - 4 potions of curing
 h - a potion of lignification {unknown}
 k - a potion of cancellation {unknown}
 l - 7 potions of brilliance
 p - a potion of haste {unknown}
 w - a potion of magic {unknown}
 C - 3 potions of might
 D - 3 potions of enlightenment {unknown}
 Q - 2 potions of ambrosia {unknown}
 T - a potion of heal wounds


   Skills:
 + Level 19.2 Fighting
 - Level 16.0 Axes
 + Level 19.3 Armour
 + Level 9.3 Shields


You had 14 spell levels left.
You didn't know any spells.
Your spell library contained the following spells:

 Spells                   Type           Power      Damage    Failure   Level
 Summon Small Mammal      Summ           0%         N/A       94%         1
 Ensorcelled Hibernation  Hex/Ice        0%         N/A       98%         2
 Static Discharge         Conj/Air       0%         2-2/arc   98%         2
 Sublimation of Blood     Necr           0%         N/A       98%         2
 Wereblood                Tmut           0%         N/A       98%         2
 Call Canine Familiar     Summ           0%         N/A       100%        3
 Frozen Ramparts          Ice            0%         1d1       100%        3
 Inner Flame              Hex/Fire       0%         N/A       100%        3
 Ozocubu's Armour         Ice            0%         N/A       100%        3
 Summon Guardian Golem    Hex/Summ       0%         N/A       100%        3
 Tukima's Dance           Hex            0%         N/A       100%        3
 Airstrike                Air            0%         2d(0-16)  100%        4
 Animate Armour           Summ/Erth      0%         N/A       100%        4
 Cause Fear               Hex            0%         N/A       100%        4
 Flame Wave               Conj/Fire      0%         2d4       100%        4
 Leda's Liquefaction      Hex/Erth       0%         N/A       100%        4
 Passage of Golubria      Tloc           0%         N/A       100%        4
 Petrify                  Tmut/Erth      0%         N/A       100%        4
 Summon Ice Beast         Ice/Summ       0%         N/A       100%        4
 Summon Lightning Spire   Summ/Air       0%         N/A       100%        4
 Vhi's Electric Charge    Tloc/Air       0%         N/A       100%        4
 Fireball                 Conj/Fire      0%         3d3       100%        5
 Irradiate                Conj/Tmut      0%         3d11      100%        5
 Lee's Rapid Deconstruct  Erth           0%         3d4*      100%        5
 Metabolic Englaciation   Hex/Ice        0%         N/A       100%        5
 Summon Forest            Summ/Tloc      0%         N/A       100%        5
 Summon Mana Viper        Hex/Summ       0%         N/A       100%        5
 Yara's Violent Unravell  Hex/Tmut       0%         3d3       100%        5
 Simulacrum               Ice/Necr       0%         N/A       100%        6
 Monstrous Menagerie      Summ           0%         N/A       100%        7
 Summon Hydra             Summ           0%         N/A       100%        7
 Dragon's Call            Summ           0%         N/A       100%        9


Dungeon Overview and Level Annotations

Branches:
Dungeon (11/15)            Temple (0/1) D:6            Lair (5/5) D:8
 Shoals (0/4) Lair:3       Spider (0/4) Lair:2        Slime (0/5) Lair:5
    Orc (2/2) D:9             Elf (2/3) Orc:2         IceCv (1/1)

Altars:
Cheibriados
Elyvilon
Kikubaaqudgha
Okawaru
Qazlal
Ru
Sif Muna
Wu Jian
Xom
Yredelemnul
Beogh

Shops:
D:2 ?   D:4 *   D:10 ?   Orc:2 [([(   Elf:1 =   Elf:2 ::=

Annotations:
D:10 3 runed translucent doors, particleface's ghost, journeyman FeSh
D:11 2 transporters, IdlyInterested's ghost, journeyman DsWn
Orc:2 Nergalle


Message History

Aiming: Mindburst
Press: ? - help, Q - select action, (/) - cycle Shift-Dir - straight line
Okay, then.
Aiming: Bolt of Light
Press: ? - help, Q - select action, (/) - cycle Shift-Dir - straight line, f - Ice Fiend
Aim: an Ice Fiend (severely wounded, 86% to hit)
The bolt of light hits the Ice Fiend but does no damage.
The Ice Fiend is severely wounded.
The Ice Fiend is blinded.
Aiming: Throw Flame
Press: ? - help, Q - select action, (/) - cycle Shift-Dir - straight line, f/p - Ice Fiend
Aim: an Ice Fiend (severely wounded, blind, 85% to hit)
The puff of flame hits the Ice Fiend.
The Ice Fiend is burned terribly!
The Ice Fiend is severely wounded.
You hit the Ice Fiend but do no damage.
The Ice Fiend is severely wounded.
The Ice Fiend gestures at you. The bolt of cold hits you! You resist.
* * * LOW HITPOINT WARNING * * *
You hit the Ice Fiend.
The Ice Fiend is severely wounded.
You slash the Ice Fiend!
The Ice Fiend is almost dead.
The Ice Fiend is no longer blind.
The Ice Fiend claws you but does no damage. x2
You hit the Ice Fiend but do no damage.
The Ice Fiend is almost dead.
The Ice Fiend gestures at you. The bolt of cold hits you. You resist.
* * * LOW HITPOINT WARNING * * *
You hit the Ice Fiend but do no damage.
The Ice Fiend is almost dead.
The Ice Fiend claws you!
* * * LOW HITPOINT WARNING * * *
The Ice Fiend freezes you. You resist.
* * * LOW HITPOINT WARNING * * *
The Ice Fiend claws you!
* * * LOW HITPOINT WARNING * * *
The Ice Fiend freezes you! You resist.
You die...

#.o.## #.#..##
#≈≈≈≈≈# #.#.#
##.#...# ##≈≈≈##
##o### #.###..##
#≈≈≈≈# #.##
#.###...###≈≈≈##
#.##
#..###...###.≈#
#.o# #.o#
##..###.## ##.#
##.# #...#.##
##.# ##o.#
#...#..# #.##
#.o## ##@..###
#.## #..#
#####1.# #..##
##.####.####.#
##†o###..#
#...##..#
#..o#..##
#...##.##
##.....#
#[.....# #.⌠..##
##.#1.## #...##
##o##### ##..#
#1##.##


You could see an Ice Fiend.

Vanquished Creatures
  3 dire elephants (Lair:5)
  A caustic shrike simulacrum (IceCv)
  A death yak (Lair:5)
  2 dancing weapons
  4 two-headed ogres
  A deep elf knight (Elf:1)
  A spectral dire elephant (Lair:5)
  3 skysharks
  A deep elf archer (Elf:1)
  An obsidian statue (Lair:5)
  A lindwurm (Lair:5)
  A bog body (IceCv)
  Pikel (D:4)
  8 spriggan simulacra
  2 deep elf pyromancers
  3 necromancers (Lair:5)
  2 deep elf zephyrmancers (Elf:1)
  An orc sorcerer (Orc:2)
  A cyclops (D:11)
  10 elephants
  2 black mambas
  Maurice (D:8)
  2 dire elephant zombies (Lair:5)
  A dire elephant skeleton (Lair:5)
  8 cane toads
  Jeremiah (D:7)
  3 rime drakes
  7 komodo dragons
  12 ice devils (IceCv)
  An anaconda simulacrum (IceCv)
  3 trolls
  A hornet (D:7)
  4 polar bears
  12 blink frogs
  2 alligator simulacra (IceCv)
  5 dream sheep (Lair:3)
  A snapping turtle (Lair:3)
  A spectral elephant (Lair:5)
  A wraith (D:11)
  Sigmund (D:6)
  23 yaks
  3 wyverns
  2 steam dragons (D:7)
  2 redbacks (Lair:2)
  A water elemental (Elf:1)
  2 basilisks
  4 minotaur simulacra (IceCv)
  3 spectral cane toads (Lair:5)
  2 harpy simulacra
  A warg (D:9)
  An acid dragon (D:11)
  10 water moccasins
  3 sky beasts (D:6)
  12 orc warriors
  2 ice beasts
  An elephant zombie (Lair:5)
  A black bear (D:4)
  7 wolves
  3 ogres
  A centaur (D:8)
  An elephant skeleton (Lair:5)
  3 lemures
  13 bullfrogs
  2 scorpions (D:5)
  8 deep troll simulacra (IceCv)
  An earth elemental (Elf:1)
  A gnoll sergeant (D:11)
  A cane toad simulacrum (Lair:5)
  2 wights (D:8)
  3 lindwurm simulacra
  An elephant simulacrum (Lair:5)
  4 killer bees (D:8)
  2 howler monkeys
  9 orc priests
  3 hounds
  4 sleepcaps
  Crazy Yiuf (D:6)
  Jessica (D:3)
  Terence (D:3)
  3 iguanas
  Natasha (D:3)
  12 orc wizards
  Robin (D:2)
  A gnoll (D:8)
  12 adders
  A white imp (D:6)
  An ufetubus (D:6)
  A worm (D:5)
  3 dart slugs
  17 orcs
  4 ball pythons
  7 bats
  7 endoplasms
  2 giant cockroaches
  20 goblins
  5 hobgoblins
  14 jackals
  4 quokkas
  4 frilled lizards
  12 kobolds
  9 rats
  A spectral orc (D:9)
404 creatures vanquished.

Vanquished Creatures (collateral kills)
  A deep elf demonologist (Elf:1)
  A dire elephant (Lair:5)
  3 hydras
  4 dancing weapons
  Erica (Lair:2)
  A two-headed ogre (D:10)
  5 boulder beetles
  An orc high priest (Orc:2)
  5 skeletal warriors (D:11)
  4 deep elf knights (Elf:1)
  A skyshark (Lair:5)
  An obsidian statue (IceCv)
  A spectral anaconda (Lair:5)
  7 deep elf archers
  2 spriggan simulacra
  An orc knight (Orc:1)
  13 deep elf zephyrmancers (Elf:1)
  12 deep elf pyromancers
  2 orc sorcerers (Orc:2)
  An oklob plant (Lair:4)
  A manticore (shapeshifter) (Elf:1)
  2 manticores (D:11)
  4 elephants
  A cyclops (D:11)
  12 cane toads
  A black mamba (Lair:5)
  An unseen horror (D:11)
  5 komodo dragons
  2 rime drakes
  2 ice devils (IceCv)
  A kobold demonologist (D:11)
  3 trolls
  6 blink frogs
  2 air elementals
  A vampire (D:11)
  2 dire elephant simulacra (Elf:2)
  A wraith (D:11)
  A water elemental (Elf:1)
  A shadow (D:10)
  18 yaks
  2 basilisks
  4 vampire mosquitoes (D:11)
  A steam dragon (D:8)
  A death yak simulacrum (Lair:5)
  A spectral cane toad (Lair:5)
  2 harpy simulacra (Elf:2)
  3 acid dragons
  2 wargs
  4 water moccasins
  A hydra simulacrum (IceCv)
  6 orc warriors
  A black bear (D:7)
  3 ogres
  4 wolves (Lair:1)
  4 centaurs
  A kobold brigand (D:7)
  3 bullfrogs
  2 gnoll sergeants (D:8)
  An earth elemental (Elf:2)
  A wight (D:8)
  2 elephant simulacra (Lair:5)
  A vampire bat (Orc:1)
  7 orc priests
  An iguana (D:7)
  3 orc wizards
  7 gnolls (D:8)
  20 orcs
  4 bats (Orc:1)
226 creatures vanquished.

Vanquished Creatures (others)
  An orc warlord (Orc:2)
  7 orc knights
  A caustic shrike simulacrum (IceCv)
  Nergalle (Orc:2)
  An orc sorcerer (Orc:2)
  A freezing wraith (IceCv)
  A troll (D:11)
  21 orc warriors
  A vampire (D:11)
  A spectral cane toad (Lair:5)
  A hydra simulacrum (IceCv)
  17 orc priests
  7 orc wizards
  79 orcs
140 creatures vanquished.

Grand Total: 770 creatures vanquished

Notes
Turn   | Place    | Note
-------+----------+-------------------------------------------
     0 | D:1      | Bosh the Hill Orc Fighter began the quest for the Orb.
     0 | D:1      | Reached XP level 1. HP: 19/19 MP: 1/1
    76 | D:2      | Found Lomygig's Magic Scroll Boutique.
    85 | D:2      | Reached XP level 2. HP: 18/27 MP: 2/2
   354 | D:4      | Reached XP level 3. HP: 33/33 MP: 3/3
   431 | D:5      | Entered Level 5 of the Dungeon
   442 | D:5      | Became a worshipper of Beogh the Brigand
   533 | D:1      | Reached XP level 4. HP: 41/41 MP: 4/4
   562 | D:1      | Found a faded altar of an unknown god.
   976 | D:2      | Noticed Robin
  1007 | D:2      | Killed Robin
  1136 | D:2      | Reached * piety under Beogh
  1236 | D:2      | Reached XP level 5. HP: 47/47 MP: 5/5
  1351 | D:2      | Reached skill level 5 in Axes
  1935 | D:3      | Noticed Jessica
  1977 | D:3      | Reached ** piety under Beogh
  1986 | D:3      | Killed Jessica
  1987 | D:3      | Reached XP level 6. HP: 42/55 MP: 6/6
  2243 | D:3      | Noticed Terence
  2258 | D:3      | Killed Terence
  2342 | D:3      | Reached skill level 5 in Fighting
  2452 | D:3      | Noticed Natasha
  2468 | D:3      | Killed Natasha
  3057 | D:4      | Found Xiwok's Elemental Accessories.
  3292 | D:4      | Noticed Pikel
  3417 | D:4      | Reached skill level 5 in Armour
  3496 | D:4      | Noticed a black bear
  3513 | D:4      | Killed a black bear
  3514 | D:4      | Reached XP level 7. HP: 55/61 MP: 5/7
  3678 | D:4      | Killed Pikel
  3679 | D:4      | Reached XP level 8. HP: 57/70 MP: 6/8
  4456 | D:5      | Reached skill level 10 in Axes
  4488 | D:5      | Found a sacrificial altar of Ru.
  5154 | D:6      | Reached XP level 9. HP: 73/79 MP: 9/9
  5233 | D:6      | Found a staircase to the Ecumenical Temple.
  5294 | D:6      | Noticed Sigmund
  5398 | D:6      | Killed Sigmund
  5441 | D:6      | Reached *** piety under Beogh
  5712 | D:6      | Found a runed translucent door.
  5713 | D:6      | Noticed Crazy Yiuf
  5827 | D:6      | Killed Crazy Yiuf
  5973 | D:7      | Identified the +2 pair of gloves of a bazaar {rF+ Str+2}
  6015 | D:7      | Noticed a hornet
  6022 | D:7      | Killed a hornet
  6065 | D:7      | Found a shimmering blue altar of Sif Muna.
  6070 | D:7      | Noticed Jeremiah
  6076 | D:7      | Killed Jeremiah
  6662 | D:7      | Identified the +8 dagger of the Doomed Warrior {heavy,
                  | rElec rPois rF+}
  6731 | D:7      | Reached XP level 10. HP: 79/90 MP: 8/10
  7072 | D:7      | Found a faded altar of an unknown god.
  7072 | D:7      | Found a shimmering altar of Xom.
  7080 | D:7      | Found a faded altar of an unknown god.
  7082 | D:7      | Found an ornate altar of the Wu Jian Council.
  7084 | D:7      | Found an iron altar of Okawaru.
  7828 | D:8      | Found a staircase to the Lair.
  7837 | D:8      | Got an innocuous book
  7981 | D:8      | Reached **** piety under Beogh
  7991 | D:8      | Gained Worak as an ally
  7993 | D:8      | Noticed a boulder beetle
  7999 | D:7      | Found a snail-covered altar of Cheibriados.
  7999 | D:7      | Found an ancient bone altar of Kikubaaqudgha.
  8135 | D:7      | Killed a boulder beetle
  8349 | D:8      | Noticed Maurice
  8434 | D:8      | Something stole a +2 trident of draining
  8436 | D:8      | Something stole a ring of protection from fire
  8438 | D:8      | Killed Maurice
  8617 | D:8      | Found a stormy altar of Qazlal.
  8639 | D:8      | Identified the +0 cloak "Lobb" {Str+4}
  8680 | D:8      | Reached skill level 10 in Armour
  8960 | D:9      | Found a basalt altar of Yredelemnul.
  9039 | D:9      | Found a staircase to the Orcish Mines.
  9045 | D:9      | Found a roughly hewn altar of Beogh.
  9131 | D:9      | Found a roughly hewn altar of Beogh.
  9494 | D:10     | Entered Level 10 of the Dungeon
  9495 | D:10     | Noticed a two-headed ogre
  9508 | D:10     | Killed a two-headed ogre
  9509 | D:10     | Reached XP level 11. HP: 57/99 MP: 5/11
  9767 | D:10     | Found a runed translucent gate.
  9768 | D:10     | Found a runed translucent gate.
  9769 | D:10     | Found a runed translucent gate.
  9769 | D:10     | Noticed particleface's ghost (journeyman FeSh)
  9773 | D:10     | Identified the +9 plate armour of Nikkipna {Rampage
                  | *Corrode *Slow Int+5}
  9812 | D:10     | Reached skill level 10 in Fighting
 10006 | D:10     | Noticed a two-headed ogre
 10028 | D:10     | Killed a two-headed ogre
 10029 | D:10     | Reached skill level 15 in Axes
 10201 | D:10     | Found Nydealed's Magic Scroll Boutique.
 10204 | D:10     | Bought a scroll of identify for 28 gold pieces
 10204 | D:10     | Bought a scroll of identify for 28 gold pieces
 10204 | D:10     | Bought a scroll of identify for 28 gold pieces
 10204 | D:10     | Bought a scroll of identify for 28 gold pieces
 10204 | D:10     | Bought a scroll of revelation for 105 gold pieces
 10204 | D:10     | Bought a scroll of enchant weapon for 105 gold pieces
 10204 | D:10     | Bought a scroll of amnesia for 56 gold pieces
 10204 | D:10     | Bought a scroll of fog for 56 gold pieces
 10204 | D:10     | Bought a scroll of poison for 56 gold pieces
 10204 | D:10     | Identified a scroll of acquirement
 10206 | D:10     | Acquired a manual of Shields
 10451 | D:10     | Found a roughly hewn altar of Beogh.
 10602 | D:11     | Noticed a centaur warrior
 10603 | D:11     | Noticed a skeletal warrior
 10604 | D:11     | Noticed IdlyInterested's ghost (journeyman DsWn)
 10629 | D:11     | Found a transporter.
 10632 | D:11     | Noticed a cyclops
 10640 | D:11     | Killed a cyclops
 10665 | D:11     | Found a white marble altar of Elyvilon.
 10923 | D:11     | Noticed a manticore
 10933 | D:11     | Killed a manticore
 10961 | D:11     | Found a transporter.
 10979 | D:11     | Noticed a boulder beetle
 11012 | D:11     | Killed a boulder beetle
 11224 | D:11     | Noticed a manticore
 11283 | D:11     | Noticed a skeletal warrior
 11283 | D:11     | Killed a manticore
 11301 | D:11     | Killed a skeletal warrior
 11547 | D:11     | Noticed a two-headed ogre
 11547 | D:11     | Noticed a two-headed ogre
 11551 | D:11     | Reached ***** piety under Beogh
 11573 | D:11     | Killed a two-headed ogre
 11582 | D:11     | Killed a two-headed ogre
 11812 | D:11     | Noticed a skeletal warrior
 11824 | D:11     | Killed a skeletal warrior
 11906 | D:11     | Noticed a cyclops
 11918 | D:11     | Killed a cyclops
 12067 | D:11     | Noticed a skeletal warrior
 12073 | D:11     | Killed a skeletal warrior
 12077 | D:11     | Noticed a skeletal warrior
 12080 | D:11     | Noticed a skeletal warrior
 12081 | D:11     | Noticed a two-headed ogre
 12249 | D:11     | Killed a skeletal warrior
 12299 | D:11     | Killed a two-headed ogre
 12300 | D:11     | Reached XP level 12. HP: 76/110 MP: 7/12
 12707 | Orc:1    | Entered Level 1 of the Orcish Mines
 12710 | Orc:1    | Noticed Nergalle
 12929 | Lair:1   | Entered Level 1 of the Lair of Beasts
 13233 | Lair:1   | Your ally Worak died
 15084 | Orc:2    | Entered Level 2 of the Orcish Mines
 15156 | Orc:2    | Found a staircase to the Elven Halls.
 15169 | Orc:2    | Noticed an orc high priest
 15182 | Orc:2    | Killed an orc high priest
 15406 | Orc:2    | Found a roughly hewn altar of Beogh.
 15534 | Orc:2    | Found a roughly hewn altar of Beogh.
 15580 | Orc:2    | Gained Orkwin as an ally
 15601 | Orc:2    | Noticed an orc warlord
 15605 | Orc:2    | Paralysed by an orc sorcerer for 5 turns
 15619 | Orc:2    | Gained Boderik as an ally
 15625 | Orc:2    | Your ally Orkwin died
 15627 | Orc:2    | HP: 4/111 [red devil/+0 trident[an orc sorcerer] (5)]
 15628 | Orc:2    | HP: 1/111 [red devil/+0 trident[an orc sorcerer] (9)]
 15629 | Orc:2    | Your ally Nergalle died
 16005 | Orc:2    | Found Saqir's Antique Weapon Shoppe.
 16006 | Orc:2    | Found a roughly hewn altar of Beogh.
 16008 | Orc:2    | Found Hes Vaonk's Antique Armour Emporium.
 16184 | Orc:2    | Found a roughly hewn altar of Beogh.
 16185 | Orc:2    | Found Huibe's Antique Armour Emporium.
 16270 | Orc:2    | Found a roughly hewn altar of Beogh.
 16272 | Orc:2    | Found Yray's Antique Weapon Shoppe.
 16360 | Orc:2    | Found a roughly hewn altar of Beogh.
 16569 | Elf:1    | Entered Level 1 of the Elven Halls
 16569 | Elf:1    | Noticed a deep elf knight
 16575 | Elf:1    | Killed a deep elf knight
 16576 | Elf:1    | Noticed a deep elf knight
 16577 | Elf:1    | Reached ****** piety under Beogh
 16599 | Elf:1    | Your ally Boderik died
 16600 | Elf:1    | Gained Horkud as an ally
 16602 | Elf:1    | Reached XP level 13. HP: 97/123 MP: 9/13
 16608 | Elf:1    | Reached skill level 15 in Armour
 16653 | Elf:1    | Your ally Horkud died
 17230 | Lair:2   | Noticed Erica
 17242 | Lair:2   | Killed Erica
 17243 | Lair:2   | Gained Bogmar as an ally
 17407 | Lair:2   | Your ally Bogmar died
 17670 | Lair:2   | Gained Ognian as an ally
 18045 | Lair:2   | Your ally Ognian died
 18194 | Lair:2   | Found a hole to the Spider Nest.
 18832 | Lair:3   | Reached skill level 15 in Fighting
 19003 | Lair:3   | Found a staircase to the Shoals.
 19419 | Lair:3   | Gained Wulfoc as an ally
 20071 | Lair:4   | Got a vellum book
 20499 | Lair:5   | Entered Level 5 of the Lair of Beasts
 20505 | Lair:5   | Reached XP level 14. HP: 136/136 MP: 14/14
 20805 | Lair:5   | Noticed a dire elephant
 20805 | Lair:5   | Noticed a dire elephant
 20805 | Lair:5   | Noticed a dire elephant
 20810 | Lair:5   | Noticed a dire elephant
 20813 | Lair:5   | Reached skill level 5 in Shields
 20928 | Lair:5   | Gained Ogrik as an ally
 21205 | Lair:5   | Found a staircase to the Slime Pits.
 22564 | Lair:5   | Killed a dire elephant
 22652 | Lair:5   | Killed a dire elephant
 22683 | Lair:5   | Killed a dire elephant
 22777 | Lair:5   | Killed a dire elephant
 23432 | Elf:1    | Found Lalyvio's Jewellery Shoppe.
 23686 | Elf:1    | Noticed a deep elf demonologist
 23688 | Elf:1    | Killed a deep elf demonologist
 23940 | Elf:1    | Reached XP level 15. HP: 149/149 MP: 15/15
 23959 | Elf:1    | Got an illuminated book
 24567 | Elf:1    | Paralysed by an air elemental for 1 turns
 24574 | Elf:1    | Paralysed by an air elemental for 1 turns
 24746 | Elf:2    | Found Wufirph's Jewellery Boutique.
 24746 | Elf:2    | Found Kuostob's Book Emporium.
 24747 | Elf:2    | Found Feumex's Book Emporium.
 24827 | Elf:2    | Paralysed by an air elemental for 1 turns
 24870 | Elf:2    | Found a frozen archway.
 25214 | IceCv    | Entered an ice cave
 25337 | IceCv    | Gained Bogbrand as an ally
 25337 | IceCv    | Your ally Bogbrand died
 25748 | IceCv    | Gained Argrim as an ally
 27218 | IceCv    | Got a thrumming book
 27230 | IceCv    | Noticed an Ice Fiend
 27254 | IceCv    | Your ally Argrim died
 27256 | IceCv    | HP: 7/152 [Ice Fiend/bolt of cold (15)]
 27274 | IceCv    | HP: 4/152 [Ice Fiend (11)]
 27274 | IceCv    | Slain by an Ice Fiend

Illustrated notes

Levels and vault maps discovered:
D:1:      amcnicky_arrival_flooded_fountain, layout_rooms,
          shapermc_ecumenical_altar_mp_urbaneastern, dreamdust_wishing_well,
          minmay_strange_pillars
D:2:      layout_basic, serial_shops, shop, uniq_robin
D:3:      layout_loops_corners, kennysheep_boxes, uniq_natasha, uniq_jessica,
          uniq_terence
D:4:      layout_rooms, nicolae_elemental_shop, kennysheep_another_room,
          uniq_pikel
D:5:      layout_basic, nicolae_ru_sacrificial_ziggurat,
          amcnicky_mini_pool_small, minmay_misc_feat_encased
D:6:      layout_rooms, minmay_temple_entry_trees, uniq_sigmund,
          uniq_crazy_yiuf_cottage
D:7:      kennysheep_steamy, layout_basic, nicolae_overflow_hidden_temple,
          chequers_temple_overflow_minitemple, uniq_jeremiah
D:8:      layout_rooms, nicolae_qazlal_style_of_elements, erik_lair_dragon,
          uniq_maurice
D:9:      layout_roguey [special_room_orc], yredelemnul_forgotten_temple_becter,
          minmay_orc_entry_temple_small, nicolae_elevator_lobby_asterisk
D:10:     layout_loops_ring, biasface_ghost_orc_armoury, serial_shops,
          kennysheep_mini
D:11:     minmay_octagon_keep, layout_basic, gammafunk_ghost_arena,
          elyvilon_altar_1
Lair:1:   layout_loops_ring, basic_altar, pond
Lair:2:   layout_roguey, spider_nest_entry_webs, minmay_shattered_shrine,
          uniq_erica
Lair:3:   layout_chaotic_city, minmay_shoals_entry_hut, serial_bayou_shore_b
Lair:4:   layout_roguey, grunt_megastairs_2
Lair:5:   due_jungle_book, layout_long_grid, dpeg_slime_entry_corner,
          lemuel_fruit_tree, infiniplex_staircase_pool_2, lemuel_fruit_fields,
          grunt_megastairs_4
Orc:1:    layout_caves, roderic_batcave, uniq_sonja, uniq_nergalle
Orc:2:    grunt_orc_community_town_hall, layout_caves,
          grunt_orc_community_big_house_1, grunt_orc_community_big_house_1,
          grunt_orc_community_house_3, grunt_orc_community_house_2,
          grunt_orc_community_house_3, grunt_orc_community_house_3,
          grunt_orc_community_house_1
Elf:1:    minmay_elf_arrival_summoners, layout_gridlike, serial_shops, shop,
          minmay_elf_demonology
Elf:2:    elven_hall_of_blades_hangedman_original [nicolae_blade_little_rooms],
          layout_loops_corners, portal_ice_cave_entry_ice_simulacra,
          minmay_shop_grove, uniq_aizul, uniq_saint_roka
IceCv:    ice_cave_caverns_01

Skill      XL: |  1  2  3  4  5  6  7  8  9 10 11 12 13 14 15 |
---------------+----------------------------------------------+-----
Axes           | 3 4 6 7 8 10 12 14 16 | 16.0
Fighting       | 4 5 6 7 8 9 11 13 15 18 19 | 19.2
Armour         | 4 5 6 7 8 10 12 14 17 18 19 | 19.3
Shields        | 4 7 9 |  9.3

Action                     |  1- 3 |  4- 6 |  7- 9 | 10-12 | 13-15 || total
---------------------------+-------+-------+-------+-------+-------++-------
  Melee: War axe           |    49 |   277 |   194 |   363 |   332 ||  1215
         Broad axe         |       |       |       |       |   369 ||   369
 Invoke: Convert to Beogh  |     1 |       |       |       |       ||     1
         Recall Orcish Fol |       |       |       |    23 |    16 ||    39
  Evoke: Wand              |       |       |       |    12 |    12 ||    24
    Use: Scroll            |       |       |       |    15 |     7 ||    22
         Potion            |       |       |       |     6 |     7 ||    13
   Stab: Distracted        |       |       |     1 |     1 |     1 ||     3
         Confused          |       |       |       |     1 |       ||     1
 Armour: Scale mail        |    50 |   150 |       |       |       ||   200
         Chain mail        |       |    99 |   148 |       |       ||   247
         Plate armour      |       |       |       |   438 |   693 ||  1131
  Dodge: Dodged            |    30 |   124 |    56 |   118 |   190 ||   518
  Block: Buckler           |     9 |    64 |    36 |    93 |   132 ||   334

Table legend: (Time is in decaauts)
 A = Elapsed time spent in this place.
 B = Non-inter-level travel time spent in this place.
 C = Inter-level travel time spent in this place.
 D = Time resting spent in this place.
 E = Time spent auto-exploring this place.
 F = Levels seen in this place.
 G = Mean time per level.
                   A        B        C        D        E       F      G
               +--------+--------+--------+--------+--------+-----+--------+
         Total |  27224 |  25446 |   1778 |   5931 |  14837 |  21 | 1296.4 |
       Dungeon |  14106 |  12723 |   1383 |   2486 |   7743 |  11 | 1282.4 |
          Lair |   6550 |   6389 |    161 |    757 |   4553 |   5 | 1310.0 |
  Orcish Mines |   2343 |   2159 |    184 |    593 |   1226 |   2 | 1171.5 |
   Elven Halls |   2181 |   2132 |     49 |    822 |    818 |   2 | 1090.5 |
      Ice Cave |   2043 |   2043 |      0 |   1272 |    496 |   1 | 2043.0 |
               +--------+--------+--------+--------+--------+-----+--------+

Top non-repeatable levels by time:
  Lair:5: 2461 daAuts
    D:11: 2139 daAuts
   IceCv: 2043 daAuts
   Orc:2: 1913 daAuts
     D:8: 1787 daAuts
     D:7: 1697 daAuts
   Elf:1: 1677 daAuts
     D:9: 1494 daAuts
     D:3: 1472 daAuts
  Lair:2: 1318 daAuts
     D:5: 1252 daAuts
  Lair:3: 1132 daAuts
     D:2: 1062 daAuts
    D:10: 1015 daAuts
     D:4: 997 daAuts
